 Dungeon Crawl Stone Soup version 0.30-a0-618-gd6c86c23d0 (webtiles) character file.

Game seed: 696090091974273066

72 Leeroy the Slasher (level 4, 0/22 (26) HPs)
             Began as a Tengu Reaver on Jan 9, 2023.
             Succumbed to a kobold brigand's curare-tipped dart
             ... on level 3 of the Dungeon.
             The game lasted 00:02:00 (1659 turns).

Leeroy the Slasher (Tengu Reaver)                   Turns: 1659, Time: 00:02:01

HP:   0/22 (26)     AC:  3    Str: 13    XL:     4   Next: 26%
MP:   7/8           EV: 12    Int: 13    God:
Gold: 123           SH:  0    Dex: 14    Spells: 1/7 levels left

rFire   + . .      SeeInvis +    a - +0 falchion
rCold   . . .      Faith    .    (no shield)
rNeg    . . .      Spirit   .    b - +0 leather armour
rPois   .          Reflect  .    (helmet restricted)
rElec   .          Harm     .    (no cloak)
rCorr   .          Rampage  .    (no gloves)
Will    .....                    (boots unavailable)
Stlth   +                        n - amulet of magic regeneration
HPRegen 0.23/turn                g - ring of see invisible
MPRegen 0.51/turn                m - ring of protection from fire

@: lethally poisoned (0 -> -10), heavily drained
A: beak, talons 3
a: no special abilities


You were on level 3 of the Dungeon.
You visited 1 branch of the dungeon, and saw 3 of its levels.

You collected 123 gold pieces.

Inventory:

Hand Weapons
 a - a +0 falchion (weapon)
Armour
 b - a +0 leather armour (worn)
Jewellery
 g - a ring of see invisible (left hand)
 m - a ring of protection from fire (right hand)
 n - an amulet of magic regeneration (around neck)
Scrolls
 c - a scroll of brand weapon {unknown}
 d - a scroll of summoning {unknown}
 f - a scroll of poison {unknown}
 i - a scroll of silence {unknown}
 k - a scroll of enchant armour {unknown}
 l - a scroll of teleportation {unknown}
Potions
 e - a potion of flight


   Skills:
 - Level 2.0 Fighting
 + Level 4.6 Long Blades
 * Level 3.5 Dodging
 - Level 2.0 Spellcasting
 - Level 4.0 Conjurations


You had one spell level left.
You knew the following spells:

 Your Spells              Type           Power      Damage    Failure   Level
a - Kiss of Death         Conj/Necr      24%        2d7       14%         1
b - Momentum Strike       Conj/Tloc      12%        3d8       22%         2
c - Hailstorm             Conj/Ice       6%         3d4       38%         3

Your spell library contained the following spells:

 Spells                   Type           Power      Damage    Failure   Level


Dungeon Overview and Level Annotations

Branches:
Dungeon (3/15)

Altars:

Shops:
D:1 *


Innate Abilities, Weirdness & Mutations

You have a beak for a mouth.
You have claws for feet.


Message History

The curare-tipped dart hits you.
You are poisoned.
You have difficulty breathing.
You feel yourself slow down.
You are too injured to fight recklessly!
It was a potion of flight.
You feel very buoyant.
You fly up into the air.
* * * LOW HITPOINT WARNING * * *
You feel very sick.
The kobold brigand throws a curare-tipped dart.
The curare-tipped dart hits you.
You are more poisoned.
You have difficulty breathing.
* * * LOW HITPOINT WARNING * * *
You feel as though you will be slow longer.
It was a potion of ambrosia.
You are confused.
You feel invigorated.
* * * LOW HITPOINT WARNING * * *
You feel extremely sick.
It was a potion of cancellation.
Your magical effects are unravelling.
You feel magically purged.
You feel less invigorated.
You feel yourself speed up.
You float gracefully downwards.
You feel less confused.
* * * LOW HITPOINT WARNING * * *
You feel very sick. The kobold brigand misses you.
You aren't carrying any items that you can evoke.
Unknown command.
Cast which spell? (? or * to list)
Aiming: Kiss of Death (safe; 14% risk of failure)
Press: ? - help, Shift-Dir - straight line, f - kobold brigand
Aim: a kobold brigand, wielding a +0 club and quivering curare-tipped darts (100% to hit)
The negative energy hits the kobold brigand!
The kobold brigand is drained!
The kobold brigand is moderately wounded.
You feel drained.
You die...

#...######.####.###...######
).................+.........
.....#####.####.###...#####
####.#####.#....#......#
####....##.#.####.####.#
#~~~~~#.##.#......# #.#
~~~~~~~....###########.#
#≈≈≈≈≈~~~###...).###.))#
###≈######.....K@.)))#...#
## ...#####......### .. #≈
######## #.. ~≈ ~~ ##


You could see a kobold brigand (drained).

Vanquished Creatures
  A gnoll (D:1)
  An adder (D:2)
  2 worms (D:2)
  A dart slug (D:2)
  6 bats
  2 endoplasms
  2 giant cockroaches
  4 goblins
  4 hobgoblins
  3 quokkas
  4 ball pythons
  4 frilled lizards
  9 kobolds
  3 rats (D:1)
46 creatures vanquished.

Notes
Turn   | Place    | Note
-------+----------+-------------------------------------------
     0 | D:1      | Leeroy the Tengu Reaver began the quest for the Orb.
     0 | D:1      | Reached XP level 1. HP: 12/12 MP: 4/4
    88 | D:1      | Reached XP level 2. HP: 13/17 MP: 6/6
   114 | D:1      | Found Jaott's General Store.
   300 | D:1      | Found a faded altar of an unknown god.
   390 | D:1      | Reached XP level 3. HP: 21/21 MP: 7/7
  1128 | D:2      | Learned a level 2 spell: Momentum Strike
  1132 | D:2      | Learned a level 3 spell: Hailstorm
  1174 | D:2      | Reached XP level 4. HP: 25/26 MP: 8/8
  1652 | D:3      | Noticed a kobold brigand
  1657 | D:3      | HP: 1/26 [poisoned by a kobold brigand (curare-tipped
                  | dart)]
  1659 | D:3      | Succumbed to a kobold brigand's curare-tipped dart

Illustrated notes

Levels and vault maps discovered:
D:1:      dpeg_arrival_ternary, layout_basic,
          shapermc_ecumenical_altar_flowoftime, serial_shops, shop_fountains
D:2:      layout_loops_ring
D:3:      cheibrodos_thug_alley, layout_basic, minmay_randomly_rotated_circles,
          uniq_jessica, uniq_terence, uniq_robin

Skill      XL: |  1  2  3 |
---------------+----------+-----
Long Blades    | 4 |  4.6
Dodging        | 3 |  3.5
Fighting       | |  2.0
Spellcasting   | |  2.0
Conjurations   | |  4.0

Action                   |  1- 3 |  4- 6 || total
-------------------------+-------+-------++-------
Melee: Falchion          |    74 |    43 ||   117
       Kick              |    18 |     8 ||    26
       Peck              |     6 |     5 ||    11
       Punch             |     1 |       ||     1
 Cast: Kiss of Death     |       |     1 ||     1
  Use: Potion            |       |     3 ||     3
Armor: Leather armour    |    25 |     6 ||    31
Dodge: Dodged            |    65 |    25 ||    90

Table legend: (Time is in decaauts)
 A = Elapsed time spent in this place.
 B = Non-inter-level travel time spent in this place.
 C = Inter-level travel time spent in this place.
 D = Time resting spent in this place.
 E = Time spent auto-exploring this place.
 F = Levels seen in this place.
 G = Mean time per level.
                   A        B        C        D        E       F      G
               +--------+--------+--------+--------+--------+-----+--------+
         Total |   1670 |   1631 |     39 |     45 |   1254 |   3 |  556.7 |
       Dungeon |   1670 |   1631 |     39 |     45 |   1254 |   3 |  556.7 |
               +--------+--------+--------+--------+--------+-----+--------+

Top non-repeatable levels by time:
     D:1: 828 daAuts
     D:2: 731 daAuts
     D:3: 109 daAuts
